 Dungeon Crawl Stone Soup version 0.23.2-1-ga50397a (webtiles) character file.

Game seed: 15462017306313536622

88 aefrtyi the Shield-Bearer (level 4, -3/38 HPs)
             Began as a Gnoll Wanderer on June 1, 2019.
             Slain by a gnoll
             ... wielding a +0 flail
              (8 damage)
             ... on level 2 of the Dungeon.
             The game lasted 00:07:52 (2599 turns).

aefrtyi the Shield-Bearer (Gnoll Wanderer)          Turns: 2599, Time: 00:07:52

Health: -3/38      AC:  2    Str: 13    XL:     4   Next: 53%
Magic:  5/5        EV: 14    Int: 17    God:
Gold:   77         SH:  0    Dex: 14    Spells: 5/5 levels left

rFire    . . .     SeeInvis .   i - +0 dagger (drain)
rCold    . . .     Gourm    .   (no shield)
rNeg     . . .     Faith    .   e - +0 robe
rPois    .         Spirit   .   (no helmet)
rElec    .         Reflect  .   (no cloak)
rCorr    .         Harm     .   (no gloves)
MR       .....                  (no boots)
Stlth    +++.......             j - amulet of rage
HPRegen  0.12/turn              (no ring)
MPRegen  0.09/turn              (no ring)

@: no status effects
A: distributed training, fangs 1, strong nose
a: Evoke Berserk Rage


You were on level 2 of the Dungeon.
You were not hungry.

You visited 1 branch of the dungeon, and saw 2 of its levels.

You collected 77 gold pieces.

Inventory:

Hand Weapons
 a - a +2 dagger
 i - a +0 dagger of draining (weapon)
Armour
 e - a +0 robe (worn)
Jewellery
 j - an amulet of rage (around neck)
Wands
 c - a wand of flame (27)
Scrolls
 g - 4 scrolls of remove curse {unknown}
 n - a scroll of teleportation {unknown}
Potions
 b - a potion of heal wounds
 d - a potion of curing {unknown}
 h - a potion of berserk rage {unknown}
 k - a potion of degeneration {unknown}
 l - 2 potions of cancellation {unknown}
Comestibles
 f - 2 rations


   Skills:
 + Level 4.6 Fighting
 + Level 1.1 Short Blades
 + Level 1.1 Long Blades
 + Level 1.1 Axes
 + Level 1.1 Maces & Flails
 + Level 1.1 Polearms
 + Level 4.6 Staves
 + Level 1.1 Slings
 + Level 1.1 Bows
 + Level 1.1 Crossbows
 + Level 1.1 Throwing
 + Level 1.1 Armour
 + Level 4.6 Dodging
 + Level 4.2 Stealth
 + Level 4.6 Shields
 + Level 1.1 Unarmed Combat
 + Level 1.1 Spellcasting
 + Level 0.9 Conjurations
 + Level 0.9 Hexes
 + Level 0.9 Charms
 + Level 0.9 Summonings
 + Level 0.9 Necromancy
 + Level 0.9 Translocations
 + Level 0.9 Transmutations
 + Level 0.9 Fire Magic
 + Level 0.9 Ice Magic
 + Level 0.9 Air Magic
 + Level 0.9 Earth Magic
 + Level 0.9 Poison Magic
 + Level 1.2 Invocations
 + Level 1.1 Evocations


You had 5 spell levels left.
You didn't know any spells.
Your spell library was empty.

Dungeon Overview and Level Annotations

Branches:
Dungeon (2/15)

Altars:


Innate Abilities, Weirdness & Mutations

Your experience applies equally to all skills.
You have very sharp teeth.
Your uncanny sense of smell can sniff out nearby items.


Message History

The gnoll is almost dead.
The gnoll barely misses you. The gnoll hits you with a +0 flail!
You hit the gnoll.
You kill the gnoll!
The gnoll hits you from afar with a +0 halberd!
The gnoll hits you with a +0 flail!
* * * LOW HITPOINT WARNING * * *
Things that are here:
a +0 flail; a gnoll corpse You hit the gnoll.
You drain the gnoll.
The gnoll is heavily wounded.
The gnoll barely misses you. x2
You barely miss the gnoll.
The gnoll is heavily wounded.
The gnoll barely misses you. The gnoll hits you with a +0 flail.
* * * LOW HITPOINT WARNING * * *
You hit the gnoll but do no damage.
The gnoll is heavily wounded.
The gnoll closely misses you. The gnoll hits you with a +0 flail!
You die...

##.##.# ∆....#
##...#.###.# ...
[....).....# #.#
##...#.##### #.#
###.##÷#########.#######
###.##.#...............#
##.......#######)#####.#
##..##.#########g## #.#
...............g@.#
#.#######.#
....##.#########..#
#.........# ##.###.#
#..# #..########
.......# #>.# #..#
......## #..####..#
##.##.# #..##..÷.#
##..#.# ...##.##.###
###.#.# ##.##.##...# # ∆
#.##.##...#


You could see 2 gnolls.

Vanquished Creatures
  2 gnolls (D:2)
  2 adders (D:2)
  2 oozes
  2 worms
  4 bats
  2 giant cockroaches
  4 goblins
  4 hobgoblins (D:1)
  7 kobolds
  2 quokkas (D:2)
  2 ball pythons (D:1)
  3 frilled lizards
  3 rats
39 creatures vanquished.

Notes
Turn   | Place    | Note
-------+----------+-------------------------------------------
     0 | D:1      | aefrtyi the Gnoll Wanderer began the quest for the Orb.
     0 | D:1      | aefrtyi set off with the following items: a +2 dagger, a
                  | potion of heal wounds, a +0 short sword, a +0 quarterstaff,
                  | a +0 robe, a ration
     0 | D:1      | Reached XP level 1. HP: 20/20 MP: 1/1
    17 | D:1      | HP: 1/20 [worm (8)]
   540 | D:1      | Reached XP level 2. HP: 22/26 MP: 2/2
  1279 | D:1      | Reached XP level 3. HP: 29/31 MP: 3/3
  1664 | D:2      | Reached skill level 1 in Invocations
  1846 | D:2      | Reached skill level 1 in Short Blades
  1846 | D:2      | Reached skill level 1 in Long Blades
  1846 | D:2      | Reached skill level 1 in Axes
  1846 | D:2      | Reached skill level 1 in Maces & Flails
  1846 | D:2      | Reached skill level 1 in Polearms
  1846 | D:2      | Reached skill level 1 in Slings
  1846 | D:2      | Reached skill level 1 in Bows
  1846 | D:2      | Reached skill level 1 in Crossbows
  1846 | D:2      | Reached skill level 1 in Throwing
  1846 | D:2      | Reached skill level 1 in Armour
  1846 | D:2      | Reached skill level 1 in Unarmed Combat
  1846 | D:2      | Reached skill level 1 in Spellcasting
  1846 | D:2      | Reached skill level 1 in Evocations
  2138 | D:2      | Reached XP level 4. HP: 38/38 MP: 5/5
  2599 | D:2      | Slain by a gnoll

Skill      XL: |  1  2  3 |
---------------+----------+-----
Invocations    | 1 |  1.2
Short Blades   | 1 |  1.1
Long Blades    | 1 |  1.1
Axes           | 1 |  1.1
Maces & Flails | 1 |  1.1
Polearms       | 1 |  1.1
Slings         | 1 |  1.1
Bows           | 1 |  1.1
Crossbows      | 1 |  1.1
Throwing       | 1 |  1.1
Armour         | 1 |  1.1
Unarmed Combat | 1 |  1.1
Spellcasting   | 1 |  1.1
Evocations     | 1 |  1.1
Fighting       | |  4.6
Staves         | |  4.6
Dodging        | |  4.6
Stealth        | |  4.2
Shields        | |  4.6
Conjurations   | |  0.9
Hexes          | |  0.9
Charms         | |  0.9
Summonings     | |  0.9
Necromancy     | |  0.9
Translocations | |  0.9
Transmutations | |  0.9
Fire Magic     | |  0.9
Ice Magic      | |  0.9
Air Magic      | |  0.9
Earth Magic    | |  0.9
Poison Magic   | |  0.9

Action                   |  1- 3 |  4- 6 || total
-------------------------+-------+-------++-------
Melee: Dagger            |   102 |    30 ||   132
       Bite              |     8 |     2 ||    10
 Stab: Sleeping          |     8 |     3 ||    11
  Eat: Chunk             |     4 |     1 ||     5
Armor: Robe              |    10 |     4 ||    14
Dodge: Dodged            |    68 |    25 ||    93
